 Dungeon Crawl Stone Soup version 0.27.0-1-g7a089689b8 (webtiles) character file.

Game seed: 14254604173743076527

177 graki42 the Grave Robber (level 5, 0/35 HPs)
             Began as a Mummy Necromancer on Aug 12, 2021.
             Slain by a human zombie (6 damage)
             ... in an ossuary.
             The game lasted 00:06:29 (2360 turns).

graki42 the Grave Robber (Mummy Necromancer)        Turns: 2360, Time: 00:06:29

Health: 0/35       AC:  2    Str: 12    XL:     5   Next: 30%
Magic:  12/12      EV: 12    Int: 15    God:
Gold:   67         SH:  0    Dex: 12    Spells: 8/13 levels left

rFire    x . .     SeeInvis .   d - +0 whip
rCold    + . .     Faith    .   (no shield)
rNeg     + + +     Spirit   .   a - +0 robe
rPois    ∞         Reflect  .   (no helmet)
rElec    .         Harm     .   (no cloak)
rCorr    .         Rampage  .   (no gloves)
Will     .....                  (no boots)
Stlth    ++........             (no amulet)
HPRegen  0.11/turn              (no ring)
MPRegen  0.13/turn              (no ring)

@: no status effects
A: cold resistance 1, negative energy resistance 3, torment resistance 2, heat
vulnerability 1, no potions
a: no special abilities


You were in an ossuary.
You visited 1 branch of the dungeon, and saw 3 of its levels.
You also visited: Ossuary.

You collected 67 gold pieces.

Inventory:

Hand Weapons
 d - a +0 whip (weapon)
Armour
 a - a +0 robe (worn)
Scrolls
 b - a scroll of magic mapping
 c - a scroll of noise
 f - a scroll of teleportation {unknown}


   Skills:
 - Level 2.0 Dodging
 - Level 2.0 Stealth
 + Level 4.9 Spellcasting
 + Level 5.3 Necromancy


You had 8 spell levels left.
You knew the following spells:

 Your Spells              Type           Power      Damage    Failure   Level
a - Pain                  Necr           76%        1d7       1%          1
b - Animate Skeleton      Necr           38%        N/A       1%          1
c - Vampiric Draining     Necr           9%         2d7       5%          3

Your spell library contained the following spells:

 Spells                   Type           Power      Damage    Failure   Level
 Animate Dead             Necr           9%         N/A       19%         4
 Agony                    Necr           19%        N/A       45%         5


Dungeon Overview and Level Annotations

Branches:
Dungeon (4/15)            Ossuary (1/1)
 Temple: D:4-7

Altars:


Innate Abilities, Weirdness & Mutations

You are immune to poison.
Your flesh is cold resistant. (rC+)
You are immune to negative energy. (rN+++)
You are immune to unholy pain and torment.
You are vulnerable to heat. (rF-)
You do not drink.


Message History

You hit the human zombie.
The human zombie is moderately damaged.
The human zombie misses you.
You hit the human zombie but do no damage.
The human zombie is moderately damaged.
The human zombie hits you.
You hit the human zombie but do no damage.
The human zombie is moderately damaged.
The human zombie hits you.
You hit the human zombie but do no damage.
The human zombie is moderately damaged.
You hit the human zombie.
The human zombie is moderately damaged.
The human zombie closely misses you.
You hit the human zombie.
The human zombie is moderately damaged.
The human zombie closely misses you.
You barely miss the human zombie.
The human zombie is moderately damaged.
The human zombie hits you!
You hit the human zombie.
The human zombie is moderately damaged.
The human zombie closely misses you.
You hit the human zombie but do no damage.
The human zombie is moderately damaged.
The human zombie hits you.
* * * LOW HITPOINT WARNING * * *
You hit the human zombie.
The human zombie is moderately damaged.
The human zombie hits you.
* * * LOW HITPOINT WARNING * * *
You hit the human zombie but do no damage.
The human zombie is moderately damaged.
The human zombie barely misses you.
You hit the human zombie.
The human zombie is heavily damaged.
You closely miss the human zombie.
The human zombie is heavily damaged.
The human zombie hits you.
You die...

#####################
#...#...#...#...#!??#
#.∩.#...8...Z...#...+
#...#......@#...#!?!#
##†###8...8###'######
#...#.......#...#Z.s#
#.∩.'...8...#..s8...#
#...#...#...#.......#
##############8..Z8##
.......# +...8...#
#...#...#


You could see a human zombie.

Vanquished Creatures
  2 scorpions (Ossuary)
  A mummy (D:4)
  A dart slug (D:1)
  2 ball pythons (D:1)
  8 bats
  An endoplasm (D:1)
  5 goblins
  A hobgoblin (D:1)
  10 jackals
  3 kobolds (D:1)
  2 frilled lizards (D:1)
  A gnoll zombie (Ossuary)
  A goblin zombie (Ossuary)
  A hobgoblin zombie (Ossuary)
  3 rats (D:1)
42 creatures vanquished.

Notes
Turn   | Place    | Note
-------+----------+-------------------------------------------
     0 | D:1      | graki42 the Mummy Necromancer began the quest for the Orb.
     0 | D:1      | Reached XP level 1. HP: 13/13 MP: 4/4
   329 | D:1      | Reached XP level 2. HP: 19/19 MP: 3/5
  1030 | D:1      | Reached XP level 3. HP: 24/24 MP: 4/7
  1397 | D:1      | Learned a level 1 spell: Animate Skeleton
  1401 | D:1      | Learned a level 3 spell: Vampiric Draining
  1794 | D:2      | You fall into a shaft and drop 2 floors!
  1934 | D:4      | Found a sand-covered staircase.
  2047 | Ossuary  | Entered an ossuary
  2167 | Ossuary  | Noticed a scorpion
  2193 | Ossuary  | Killed a scorpion
  2194 | Ossuary  | Reached skill level 5 in Necromancy
  2194 | Ossuary  | Reached XP level 4. HP: 30/30 MP: 2/10
  2291 | Ossuary  | Noticed a scorpion
  2293 | Ossuary  | Noticed a scorpion
  2310 | Ossuary  | Killed a scorpion
  2311 | Ossuary  | Reached XP level 5. HP: 32/35 MP: 6/12
  2360 | Ossuary  | Slain by a human zombie

Illustrated notes

Levels and vault maps discovered:
D:1:      saegor_arrival_simple_d, layout_loops_corners,
          minmay_misc_feat_encased
D:2:      layout_loops_cross
D:4:      layout_rooms, gup_ossuary_entry_pyramid, hangedman_decor_slide_cut,
          uniq_blork_the_orc
Ossuary:  ossuary_minmay_scorpions

Skill      XL: |  1  2  3 |
---------------+----------+-----
Spellcasting   | 3 4 |  4.9
Stealth        | 2 |  2.0
Dodging        | 2 |  2.0
Necromancy     | 5 |  5.3

Action                   |  1- 3 |  4- 6 || total
-------------------------+-------+-------++-------
Melee: Unarmed           |    24 |       ||    24
       Whip              |    20 |    33 ||    53
 Cast: Pain              |    65 |     5 ||    70
  Use: Scroll            |     3 |       ||     3
Armor: Robe              |    14 |     2 ||    16
Dodge: Dodged            |    29 |    18 ||    47
